 Dungeon Crawl Stone Soup version 0.27.1-2-g3b301248ec (webtiles) character file.

Game seed: 14862183844251078540

100 raph the Insei (level 4, -1/36 HPs)
             Began as a Draconian Transmuter on Sept 22, 2021.
             Was an Initiate of Dithmenos.
             Slain by a phantom (3 damage)
             ... on level 4 of the Dungeon.
             The game lasted 00:04:13 (3844 turns).

raph the Insei (Draconian Transmuter)               Turns: 3844, Time: 00:04:13

Health: -1/36      AC:  7    Str: 17    XL:     4   Next: 47%
Magic:  6/7        EV: 12    Int: 18    God:    Dithmenos [......]
Gold:   15         SH:  0    Dex: 13    Spells: 1/7 levels left

rFire    . . .     SeeInvis .     - Unarmed
rCold    . . .     Faith    .   (no shield)
rNeg     . . .     Spirit   .   (armour unavailable)
rPois    .         Reflect  .   (helmet currently unavailable)
rElec    .         Harm     .   c - +1 cloak of Eternal Vigilance {*Slow Str+5 Int+5}
rCorr    .         Rampage  .   (no gloves)
Will     .....                  (boots currently unavailable)
Stlth    +.........             (no amulet)
HPRegen  0.12/turn              (no ring)
MPRegen  0.10/turn              (no ring)

@: appendages (expiring), wereblooded, slowed, very slow
A: horns 2, talons 2, AC +5, unfitting armour, cold-blooded
a: End Transformation, Renounce Religion


You were on level 4 of the Dungeon.
You worshipped Dithmenos.
Dithmenos was noncommittal.
You had temporarily grown beastly horns and talons.
You visited 1 branch of the dungeon, and saw 4 of its levels.

You collected 165 gold pieces.
You spent 150 gold pieces at shops.

Inventory:

Armour
 c - the +1 cloak of Eternal Vigilance (worn) {*Slow Str+5 Int+5}
   (You acquired it on level 3 of the Dungeon)

   Str:       It affects your strength (+5).
   Int:       It affects your intelligence (+5).
   *Slow:     It may slow you when you take damage.
Magical Staves
 a - a staff of earth
Scrolls
 g - 2 scrolls of teleportation
 i - a scroll of blinking
Potions
 b - a potion of heal wounds
 e - a potion of curing


   Skills:
 + Level 1.8 Fighting
 + Level 2.2 Dodging
 * Level 3.8 Unarmed Combat
 + Level 2.3 Spellcasting
 * Level 3.1 Transmutations


You had one spell level left.
You knew the following spells:

 Your Spells              Type           Power      Damage    Failure   Level
a - Beastly Appendage     Tmut           26%        N/A       4%          1
b - Wereblood             Tmut           13%        N/A       8%          2
c - Spider Form           Tmut/Pois      3%         N/A       28%         3

Your spell library contained the following spells:

 Spells                   Type           Power      Damage    Failure   Level
 Ice Form                 Ice/Tmut       7%         N/A       67%         4


Dungeon Overview and Level Annotations

Branches:
Dungeon (4/15)
 Temple: D:4-7

Altars:
Dithmenos
Xom

Shops:
D:3 ?


Innate Abilities, Weirdness & Mutations

You have temporarily grown beastly horns and talons.
Your plain brown scales are hard. (AC +5)
You cannot fit into any form of body armour.
You are cold-blooded and may be slowed by cold attacks.


Message History

You are too injured to fight recklessly!
You are too injured to fight recklessly!
You punch the goblin!
You feel a bit better.
You kill the goblin!
Dithmenos accepts your kill.
You howl as the wereblood boils in your veins!
An endoplasm comes into view.
A jelly comes into view.
The phantom hits you.
The phantom blinks!
You blink.
The phantom hits you.
The endoplasm moves out of view.
The jelly moves out of view.
You barely miss the phantom. Your kick misses the phantom.
You headbutt the phantom!
The phantom is heavily damaged.
You howl as the wereblood boils in your veins!
Your transformation is almost over.
You hear an angry hiss.
The phantom misses you.
An adder comes into view.
You barely miss the phantom.
The phantom is moderately damaged.
The adder hisses angrily.
The phantom misses you. The endoplasm freezes you.
You are frozen.
* * * LOW HITPOINT WARNING * * *
You feel as though you will be slow longer.
A quokka comes into view.
Found 10 gold pieces.
The endoplasm barely misses you.
The phantom hits you but does no damage.
You howl as the wereblood boils in your veins!
The endoplasm freezes you.
You are frozen.
* * * LOW HITPOINT WARNING * * *
The adder bites you.
* * * LOW HITPOINT WARNING * * *
The phantom hits you.
* * * LOW HITPOINT WARNING * * *
The phantom blinks!
You blink.
Found an escape hatch in the floor.
The phantom hits you.
You die...

.## .># ### ..#
..####.# .......
#...#.#$.....#
#...#.#......#
#...#@#......#
####...#W#......#
+.......J+......+
######r#S#<.....#
#...#†.....#
#.)...# #..<..#
#?...J####.
...###.#...(.....


You could see a phantom, a jelly, an adder and a quokka.

Vanquished Creatures
  An iguana (D:4)
  2 adders
  3 worms (D:2)
  2 dart slugs (D:1)
  2 orcs (D:3)
  5 ball pythons
  An endoplasm (D:1)
  A giant cockroach (D:2)
  4 goblins
  5 hobgoblins
  4 kobolds
  2 quokkas
  2 bats (D:1)
  4 frilled lizards
  7 rats
45 creatures vanquished.

Notes
Turn   | Place    | Note
-------+----------+-------------------------------------------
     0 | D:1      | raph the Draconian Transmuter began the quest for the Orb.
     0 | D:1      | Reached XP level 1. HP: 16/16 MP: 3/3
   334 | D:1      | Reached XP level 2. HP: 15/23 MP: 1/5
  1086 | D:2      | Learned a level 2 spell: Wereblood
  1154 | D:2      | HP: 1/23 [worm (10)]
  1475 | D:2      | Reached XP level 3. HP: 17/28 MP: 6/6
  1827 | D:2      | Learned a level 3 spell: Spider Form
  2710 | D:3      | Found a shimmering altar of Xom.
  2933 | D:3      | Found a shadowy altar of Dithmenos.
  2970 | D:3      | Became a worshipper of Dithmenos the Shadowed
  3072 | D:3      | Reached XP level 4. HP: 14/36 MP: 3/7
  3425 | D:3      | Found Jubaiddiew's Magic Scroll Boutique.
  3434 | D:3      | Bought a scroll of blinking for 90 gold pieces
  3434 | D:3      | Bought a scroll of teleportation for 36 gold pieces
  3434 | D:3      | Bought a scroll of identify for 24 gold pieces
  3634 | D:3      | Identified a scroll of acquirement
  3634 | D:3      | Acquired the +1 cloak of Eternal Vigilance {*Slow Str+5
                  | Int+5}
  3826 | D:4      | Noticed a phantom
  3842 | D:4      | HP: 1/36 [phantom (1)]
  3844 | D:4      | Slain by a phantom

Illustrated notes

Levels and vault maps discovered:
D:1:      dpeg_arrival_triangle_fractal, layout_loops_ring
D:2:      layout_loops_corners
D:3:      layout_loops_ring, old_standard_altar,
          mainiacjoe_overflow_tiny_flanked, serial_shops, shop,
          minmay_misc_feat_plants, minmay_misc_feat_doors,
          minmay_misc_feat_four_crosses, minmay_box_of_dots
D:4:      layout_basic, lemuel_doored_altar, item_on_display_a

Skill      XL: |  1  2  3  4 |
---------------+-------------+-----
Dodging        | 2 |  2.2
Transmutations | 3 |  3.1
Fighting       | |  1.8
Unarmed Combat | |  3.8
Spellcasting   | |  2.3

Action                   |  1- 3 |  4- 6 || total
-------------------------+-------+-------++-------
Melee: Unarmed           |   122 |    20 ||   142
       Kick              |    16 |     5 ||    21
       Tailslap          |     8 |     3 ||    11
       Headbutt          |     8 |     2 ||    10
 Cast: Beastly Appendage |    22 |     1 ||    23
       Wereblood         |     1 |     1 ||     2
  Use: Scroll            |       |     5 ||     5
 Stab: Sleeping          |     1 |       ||     1
Armor: Skin              |    24 |     8 ||    32
Dodge: Dodged            |    78 |    12 ||    90
